 Dungeon Crawl Stone Soup version 0.28-a0-479-g5baa6b73be (webtiles) character file.

Game seed: 8870042555122387309

3859 Dabor the Covert (level 9, -5/48 HPs)
             Began as a Spriggan Enchanter on Sept 19, 2021.
             Was a Follower of Ru.
             Killed from afar by an electric eel (12 damage)
             ... with a bolt of electricity
             ... on level 8 of the Dungeon.
             The game lasted 00:28:18 (11623 turns).

Dabor the Covert (Spriggan Enchanter)              Turns: 11623, Time: 00:28:19

Health: -5/48      AC: 10    Str:  7    XL:     9   Next: 99%
Magic:  15/20      EV: 23    Int: 16    God:    Ru [*.....]
Gold:   86         SH:  0    Dex: 18    Spells: 15/21 levels left

rFire   . . .      SeeInvis +   r - +3 rapier (venom)
rCold   . . .      Faith    .   (shield restricted)
rNeg    . . .      Spirit   .   C - +3 steam dragon scales
rPois   +          Reflect  .   (helmet restricted)
rElec   .          Harm     .   u - +1 cloak
rCorr   .          Rampage  .   (gloves unavailable)
Will    +....      Rage     1%  (boots unavailable)
Stlth   +++++.....              (no amulet)
HPRegen 0.16/turn               k - ring of poison resistance
MPRegen 0.17/turn               (no ring)

@: about to teleport, very quick
A: very small, no large weapons, unfitting armour, see invisible, speed 3,
inability to train armour, agile 1, berserk 1, robust 1
a: Renounce Religion


You were on level 8 of the Dungeon.
You worshipped Ru.
Ru was aware of your devotion.
You visited 2 branches of the dungeon, and saw 9 of its levels.

You collected 261 gold pieces.
You spent 175 gold pieces at shops.

Inventory:

Hand Weapons
 a - a +1 dagger
 g - a +1 dagger of venom
 r - a +3 rapier of venom (weapon)
 t - a +3 vampiric dagger
Missiles
 d - 6 boomerangs (quivered)
 o - 18 poisoned darts
 E - a curare-tipped dart
Armour
 b - a +1 robe
 u - a +1 cloak (worn)
 x - a +0 troll leather armour
 C - +3 steam dragon scales (worn)
Jewellery
 k - a ring of poison resistance (left hand)
Wands
 e - a wand of mindburst (3)
 h - a wand of acid (15)
 l - a wand of digging (5)
 y - a wand of iceblast (4)
 D - a wand of paralysis (7)
Scrolls
 m - 3 scrolls of teleportation
 n - 2 scrolls of amnesia
 v - a scroll of acquirement {unknown}
 B - a scroll of identify
Potions
 c - a potion of invisibility
 f - 2 potions of degeneration
 i - a potion of magic
 p - a potion of ambrosia
 q - 2 potions of brilliance
 s - 3 potions of might
 w - a potion of mutation
 z - a potion of attraction
 A - a potion of curing


   Skills:
 + Level 3.1 Fighting
 * Level 7.2 Short Blades
 - Level 2.0 Throwing
 * Level 9.0 Dodging
 * Level 11.0 Stealth
 + Level 6.7 Spellcasting
 + Level 7.2 Hexes


You had 15 spell levels left.
You knew the following spells:

 Your Spells              Type           Power      Damage    Failure   Level
a - Tukima's Dance        Hex            28%        N/A       1%          3
b - Dazzling Flash        Conj/Hex       32%        N/A       9%          3

Your spell library contained the following spells:

 Spells                   Type           Power      Damage    Failure   Level
 Confusing Touch          Hex            28%        N/A       1%          3
 Ensorcelled Hibernation  Hex/Ice        32%        N/A       4%          2
 Static Discharge         Conj/Air       5%         N/A       19%         2
 Sublimation of Blood     Necr           2%         N/A       19%         2
 Wereblood                Tmut           5%         N/A       19%         2
 Gell's Gravitas          Tloc           2%         N/A       36%         3
 Lesser Beckoning         Tloc           5%         N/A       36%         3
 Spider Form              Tmut/Pois      2%         N/A       36%         3
 Teleport Other           Tloc           5%         N/A       36%         3
 Dispel Undead            Necr           5%         3d7       77%         4
 Sticky Flame             Conj/Fire      5%         2d3       77%         4
 Summon Hydra             Summ           2%         N/A       100%        7


Dungeon Overview and Level Annotations

Branches:
Dungeon (8/15)             Temple (1/1) D:4            Lair (0/6) D:8

Altars:
Ashenzari
Cheibriados
Dithmenos
Elyvilon
Fedhas
Gozag
Hepliaklqana
Kikubaaqudgha
Makhleb
Nemelex Xobeh
Okawaru
Qazlal
Ru
Sif Muna
Trog
Uskayaw
Vehumet
Wu Jian
Xom
Yredelemnul
Zin
The Shining One

Shops:
D:7 (   D:8 ([


Innate Abilities, Weirdness & Mutations

You are very small and have problems with some larger weapons.
You are too small for most types of armour.
You have supernaturally acute eyesight. (SInv)
You cover ground extremely quickly. (Speed+++)
You cannot train Armour skill.
You are agile. (Dex +2)
You tend to lose your temper in combat.
You are robust. (+10% HP)


Message History

The electric eel shoots out a bolt of lightning at you!
The bolt of electricity misses you.
You throw a boomerang.
The boomerang closely misses the electric eel.
You redirect the electric eel's attack!
The electric eel shoots out a bolt of lightning at itself!
The bolt of electricity hits the electric eel.
The electric eel completely resists.
Casting: Tukima's Dance (safe; 1% risk of failure)
Confirm with . or Enter, or press ? or * to list all spells.
Aiming: Tukima's Dance (safe; 1% risk of failure)
Press: ? - help, Shift-Dir - straight line, f - skeletal warrior, p - electric eel
Aim: a skeletal warrior, wielding a +0 halberd (chance to affect: 8%)
The electric eel's tail twitches.
Casting: Tukima's Dance (safe; 1% risk of failure)
Confirm with . or Enter, or press ? or * to list all spells.
Aiming: Tukima's Dance (safe; 1% risk of failure)
Press: ? - help, Shift-Dir - straight line, f/p - skeletal warrior
Aim: a skeletal warrior, wielding a +0 halberd (chance to affect: 8%)
The electric eel's tail twitches.
The electric eel shoots out a bolt of lightning at you!
The bolt of electricity hits you!
The electric eel shoots out a bolt of lightning at you!
The bolt of electricity hits you.
The electric eel shoots out a bolt of lightning at you!
The bolt of electricity misses you. The bolt of electricity hits you.
* * * LOW HITPOINT WARNING * * *
Okay, then.
As you read the scroll of teleportation, it crumbles to dust.
You feel strangely unstable.
The electric eel shoots out a bolt of lightning at you!
The bolt of electricity hits you!
* * * LOW HITPOINT WARNING * * *
The bolt of electricity misses you.
You feel better.
The electric eel shoots out a bolt of lightning at you!
The bolt of electricity hits you.
* * * LOW HITPOINT WARNING * * *
The bolt of electricity hits you!
You die...

#####.....#
..........#
.######.#.####### †#
#.#........ ##
#.#.#######
###.#..#######
......≈..........#
.......≈.≈..≈≈≈..#
≈≈..≈≈.≈≈≈..≈z..@#
≈≈≈≈≈≈≈≈≈≈;≈≈....#
≈≈≈≈≈≈≈.≈≈≈≈.≈...#
≈;≈≈...≈..≈≈;....#
≈≈≈≈≈≈...≈≈≈.≈≈≈.#
.......>..≈≈≈≈...###
≈≈≈.≈....≈≈≈≈≈≈≈...#
≈≈≈≈.≈.≈≈.≈≈≈≈.....#
≈≈.≈≈≈≈≈≈≈≈≈≈≈.....#


You could see a skeletal warrior and 2 electric eels.

Vanquished Creatures
  A skeletal warrior (D:7)
  A troll (D:8)
  2 wyverns
  A steam dragon (D:6)
  A water moccasin (D:6)
  An orc warrior (D:6)
  A necrophage (D:4)
  2 ice beasts
  A black bear (D:6)
  2 ogres
  A wolf (D:8)
  A centaur (D:4)
  The ghost of TimeIsEndless the Shield-Bearer, an amateur VSFi (D:5)
  A bullfrog (D:6)
  A gnoll sergeant (D:5)
  A wyvern zombie (D:6)
  3 scorpions
  6 killer bees
  2 electric eels
  A bullfrog zombie (D:5)
  8 hounds
  A centaur skeleton (D:7)
  2 orc priests
  A jelly (D:5)
  Ijyb (D:3)
  4 iguanas
  6 orc wizards
  A scorpion zombie (D:5)
  A howler monkey zombie (D:8)
  5 gnolls
  12 adders
  2 river rats (D:5)
  An ufetubus (D:6)
  2 adder skeletons (D:4)
  3 worms
  A dart slug (D:4)
  16 orcs
  5 ball pythons
  3 bats (D:2)
  3 endoplasms
  A giant cockroach (D:2)
  6 goblins
  5 hobgoblins
  11 jackals (D:3)
  9 kobolds
  A quokka (D:2)
  A quokka skeleton (D:4)
  9 rats
152 creatures vanquished.

Vanquished Creatures (collateral kills)
  Crazy Yiuf (D:5)
  A gnoll (D:5)
2 creatures vanquished.

Vanquished Creatures (others)
  2 dancing weapons
2 creatures vanquished.

Grand Total: 156 creatures vanquished

Notes
Turn   | Place    | Note
-------+----------+-------------------------------------------
     0 | D:1      | Dabor the Spriggan Enchanter began the quest for the Orb.
     0 | D:1      | Reached XP level 1. HP: 9/9 MP: 5/5
   275 | D:1      | Found a faded altar of an unknown god.
   381 | D:1      | Reached XP level 2. HP: 13/13 MP: 6/6
  1217 | D:2      | Reached XP level 3. HP: 16/16 MP: 8/8
  1737 | D:1      | Gained mutation: You tend to lose your temper in combat.
                  | [potion of mutation]
  1737 | D:1      | Gained mutation: You are robust. (+10% HP) [potion of
                  | mutation]
  1737 | D:1      | Gained mutation: You are agile. (Dex +2) [potion of
                  | mutation]
  2231 | D:2      | Reached skill level 5 in Stealth
  2689 | D:2      | Reached XP level 4. HP: 23/23 MP: 10/10
  2693 | D:2      | Learned a level 3 spell: Tukima's Dance
  3002 | D:3      | Found a burning altar of Makhleb.
  3005 | D:3      | Found a hazy altar of Hepliaklqana.
  3008 | D:3      | Found a stormy altar of Qazlal.
  3011 | D:3      | Found a bloodstained altar of Trog.
  3469 | D:3      | Noticed Ijyb
  3484 | D:3      | Killed Ijyb
  3485 | D:3      | Reached XP level 5. HP: 26/26 MP: 8/11
  3829 | D:4      | Noticed a centaur
  3835 | D:4      | Killed a centaur
  3836 | D:4      | Reached skill level 6 in Stealth
  3945 | D:4      | Found a staircase to the Ecumenical Temple.
  3957 | D:4      | Reached XP level 6. HP: 25/30 MP: 13/13
  3971 | D:4      | Reached skill level 5 in Hexes
  4451 | D:4      | Found a sparkling altar of Nemelex Xobeh.
  4901 | D:4      | Reached skill level 5 in Dodging
  4901 | D:4      | Reached XP level 7. HP: 18/35 MP: 13/15
  5066 | D:4      | Identified the +0 leather armour "Ufin" {Str+4}
  5083 | Temple   | Entered the Ecumenical Temple
  5234 | Temple   | Became a worshipper of Ru the Awakened
  5426 | D:5      | Entered Level 5 of the Dungeon
  5442 | D:5      | Found a runed translucent door.
  5443 | D:5      | Noticed Crazy Yiuf
  5460 | D:5      | Killed Crazy Yiuf
  5461 | D:5      | Reached skill level 7 in Stealth
  5487 | D:5      | Noticed a wyvern
  5504 | D:5      | HP: 1/35 [wyvern (13)]
  5526 | D:5      | Killed a wyvern
  5527 | D:5      | Reached skill level 1 in Throwing
  5911 | D:5      | Reached skill level 5 in Spellcasting
  6022 | D:5      | Found a runed translucent door.
  6038 | D:5      | Reached skill level 1 in Fighting
  6073 | D:5      | Noticed TimeIsEndless's ghost (amateur VSFi)
  6108 | D:5      | Killed TimeIsEndless's ghost
  6234 | D:5      | Reached XP level 8. HP: 40/40 MP: 16/16
  6301 | D:5      | Learned a level 3 spell: Dazzling Flash
  6534 | D:5      | Reached skill level 8 in Stealth
  7920 | D:6      | Reached skill level 5 in Short Blades
  8137 | D:6      | Reached skill level 9 in Stealth
  8295 | D:6      | Reached XP level 9. HP: 46/46 MP: 18/18
  8781 | D:6      | Gained mutation: You cannot train Armour skill. [Ru
                  | sacrifice]
  8781 | D:6      | Reached * piety under Ru
  9648 | D:7      | Reached skill level 10 in Stealth
  9697 | D:7      | Found Muufuser's Antique Weapon Emporium.
  9707 | D:7      | Bought a runed rapier for 175 gold pieces
  9786 | D:8      | Found a staircase to the Lair.
  9978 | D:8      | Found Huinad's Antique Weapon Boutique.
  9981 | D:8      | Noticed a troll
 10010 | D:8      | Killed a troll
 10290 | D:8      | Noticed a skeletal warrior
 10292 | D:8      | Noticed a skeletal warrior
 10569 | D:8      | Noticed a skeletal warrior
 10815 | D:7      | Killed a skeletal warrior
 10816 | D:7      | Reached skill level 11 in Stealth
 10917 | D:8      | Found a blossoming altar of Fedhas.
 11032 | D:8      | Noticed a skeletal warrior
 11571 | D:8      | Found Dulow's Armour Shop.
 11623 | D:8      | Killed from afar by an electric eel

Illustrated notes

Levels and vault maps discovered:
D:1:      dpeg_arrival_rooms_a, layout_loops_cross,
          hellmonk_ecumenical_altar_inner_sanctum
D:2:      layout_rooms, supply_closet_lemuel, minmay_circled_x
D:3:      layout_basic, grunt_temple_overflow_cloverleaf, uniq_ijyb
D:4:      layout_rooms, marbit_many_paths, minmay_temple_entry_butterflies,
          serial_forest, infiniplex_forest_clump_diagonal,
          infiniplex_forest_straight_4, infiniplex_forest_corner_1,
          infiniplex_forest_lined_2
D:5:      layout_loops_ring, portal_sewer_entry_b, ebering_ghost_sewer_d,
          minmay_bent, uniq_crazy_yiuf_cottage
D:6:      layout_loops_ring, fountainhead, water_boxes_lemuel
D:7:      layout_gridville, serial_shops, nicolae_lakefront_shop
D:8:      layout_loops_corners, lemuel_tele_altar, erik_lair_island,
          serial_shops, nicolae_diamond_shop, nicolae_shop_stone, minivault_21
Temple:   nicolae_temple_elliptical

Skill      XL: |  1  2  3  4  5  6  7  8  9 |
---------------+----------------------------+-----
Dodging        | 3 4 5 6 7 9 |  9.0
Spellcasting   | 3 4 5 6 |  6.7
Hexes          | 4 5 6 7 |  7.2
Stealth        | 5 6 7 9 11 | 11.0
Short Blades   | 2 3 4 5 7 |  7.2
Throwing       | 1 2 |  2.0
Fighting       | 1 2 3 |  3.1

Action                   |  1- 3 |  4- 6 |  7- 9 || total
-------------------------+-------+-------+-------++-------
Melee: Dagger            |    95 |   166 |   380 ||   641
       Rapier            |       |       |    72 ||    72
Throw: Dart              |       |     4 |    20 ||    24
       Throwing net      |       |     1 |       ||     1
       Boomerang         |       |       |    88 ||    88
 Cast: Tukima's Dance    |       |     1 |    29 ||    30
Invok: Sacrifice Durabil |       |       |     1 ||     1
Evoke: Wand              |       |     7 |     3 ||    10
  Use: Scroll            |     2 |       |    18 ||    20
       Potion            |     1 |       |     6 ||     7
 Stab: Sleeping          |    10 |     6 |    14 ||    30
       Distracted        |       |     1 |     2 ||     3
Armor: Robe              |     9 |     8 |    24 ||    41
       Steam dragon scal |       |       |    26 ||    26
Dodge: Dodged            |    74 |   111 |   396 ||   581

Table legend: (Time is in decaauts)
 A = Elapsed time spent in this place.
 B = Non-inter-level travel time spent in this place.
 C = Inter-level travel time spent in this place.
 D = Time resting spent in this place.
 E = Time spent auto-exploring this place.
 F = Levels seen in this place.
 G = Mean time per level.
                   A        B        C        D        E       F      G
               +--------+--------+--------+--------+--------+-----+--------+
         Total |   9352 |   8988 |    364 |   3165 |   3694 |   9 | 1039.1 |
       Dungeon |   9251 |   8905 |    346 |   3165 |   3621 |   8 | 1156.4 |
        Temple |    101 |     83 |     18 |      0 |     72 |   1 |  101.0 |
               +--------+--------+--------+--------+--------+-----+--------+

Top non-repeatable levels by time:
     D:5: 1775 daAuts
     D:1: 1592 daAuts
     D:7: 1463 daAuts
     D:4: 1460 daAuts
     D:3: 1001 daAuts
     D:6: 889 daAuts
     D:2: 661 daAuts
     D:8: 406 daAuts
  Temple: 101 daAuts
